 Dungeon Crawl Stone Soup version 0.15.2 (webtiles) character file.

5521 Dangus the Cleaver (level 10, -9/77 HPs)
             Began as a Minotaur Berserker on Dec 12, 2015.
             Was a High Priest of Trog.
             Mangled by a death yak simulacrum (17 damage)
             ... in an ice cave.
             The game lasted 00:30:30 (9998 turns).

Dangus the Cleaver (Minotaur Berserker)             Turns: 9998, Time: 00:30:30

HP  -9/77        AC 15     Str 25      XL: 10   Next: 43%
MP   4/4         EV  8     Int  4      God: Trog [*****.]
Gold 715         SH  0     Dex 14      Spells:  0 memorised,  9 levels left

rFire  . . .     SeeInvis .     a - +2 battleaxe (vamp) (curse)
rCold  + . .     Clarity  .     p - +4 chain mail
rNeg   + . .     rCorr    .     (no shield)
rPois  .         rRot     .     (helmet restricted)
rElec  .         Spirit   .     (no cloak)
SustAb .         Warding  +     (no gloves)
rMut   .         Stasis   .     (no boots)
Gourm  .                        v - cursed amulet of warding
MR     .....                    l - ring of protection from cold
                                F - +4 ring of strength

@: not resistant to hostile enchantments, extremely unstealthy
A: retaliatory headbutt, horns 2
a: Burn Spellbooks, Berserk, Trog's Hand, Brothers in Arms, Renounce Religion


You were in an ice cave.
You worshipped Trog.
Trog was extremely pleased with you.
You were not hungry.

You visited 1 branch of the dungeon, and saw 11 of its levels.
You also visited: Sewer and Ice Cave.

You collected 715 gold pieces.

Inventory:

Hand weapons
 a - a cursed +2 vampiric battleaxe (weapon)
Missiles
 e - 36 poisoned needles
 C - 5 tomahawks (quivered)
 D - 3 throwing nets
Armour
 p - a +4 chain mail (worn)
Magical devices
 z - a wand of cold (8)
 B - a wand of fire (1)
 H - a wand of polymorph (7)
 O - a wand of random effects (13) {unknown}
 S - a wand of polymorph (12)
Comestibles
 c - 9 bread rations
 i - 5 meat rations
 q - 6 beef jerkies
Scrolls
 f - 2 scrolls of fear {unknown}
 h - 4 scrolls of remove curse
 k - a scroll of recharging {unknown}
 r - 4 scrolls of identify {unknown}
 s - 5 scrolls of teleportation {unknown}
 y - a scroll of amnesia {unknown}
 E - 2 scrolls of enchant armour {unknown}
 G - a scroll of blinking
 I - 2 scrolls of noise {unknown}
 J - 3 scrolls of magic mapping
 N - a scroll of holy word {unknown}
 P - a scroll of enchant weapon {unknown}
 R - a scroll of fog
Jewellery
 d - an uncursed ring of teleportation
 l - a ring of protection from cold (right hand)
 v - a cursed amulet of warding (around neck)
 x - an uncursed ring of protection from cold
 F - a +4 ring of strength (left hand)
Potions
 b - a potion of berserk rage {unknown}
 g - a potion of degeneration {unknown}
 j - 3 potions of curing {unknown}
 m - a potion of magic {unknown}
 n - 2 potions of mutation {unknown}
 o - a potion of agility {unknown}
 t - 2 potions of restore abilities {unknown}
 u - a potion of heal wounds {unknown}
 w - a potion of cancellation {unknown}
 A - a potion of decay {unknown}
 L - a potion of lignification {unknown}
 Q - a potion of flight {unknown}
Books
 K - a book of the Sky

   Spells                             Type                      Level
   Flight                             Charms/Air                   3
   Airstrike                          Air                          4
   Silence                            Hexes/Air                    5
   Deflect Missiles                   Charms/Air                   6
   Conjure Ball Lightning             Conjuration/Air              6
   Tornado                            Air                          9
   Trog disapproves of the use of such an item.
 M - a book of Air

   Spells                             Type                      Level
   Shock                              Conjuration/Air              1
   Swiftness                          Charms/Air                   2
   Repel Missiles                     Charms/Air                   2
   Flight                             Charms/Air                   3
   Static Discharge                   Conjuration/Air              3
   Lightning Bolt                     Conjuration/Air              5
   Trog disapproves of the use of such an item.


   Skills:
 - Level 3.6 Fighting
 * Level 13.3 Axes
 + Level 5.4 Throwing
 + Level 9.6 Armour
 - Level 6.0 Dodging


You had 9 spell levels left.
You didn't know any spells.

Dungeon Overview and Level Annotations

Branches:
Dungeon (11/15) Temple (0/1) D:4 D:7 Orc: D:9-12 Lair: D:8-11

Altars:
Cheibriados
Okawaru
Trog

Shops:
D:6 %


Innate Abilities, Weirdness & Mutations

You reflexively headbutt those who attack you in melee.
You have a pair of horns on your head.


Message History

You hit the alligator simulacrum.
The death yak simulacrum barely misses you.
You furiously retaliate!
You headbutt the death yak simulacrum, but do no damage.
The alligator simulacrum bites you but does no damage.
The alligator simulacrum tail-slaps you.
The alligator simulacrum freezes you! You resist.
You hit the alligator simulacrum. You slash the death yak simulacrum!
You hit the death yak simulacrum.
Unknown command.
You slash the alligator simulacrum! You slash the death yak simulacrum!
You headbutt the death yak simulacrum! You slash the death yak simulacrum!
The alligator simulacrum bites you! The alligator simulacrum freezes you!
You resist.
* * * LOW HITPOINT WARNING * * *
The alligator simulacrum barely misses you.
The death yak simulacrum gores you.
* * * LOW HITPOINT WARNING * * *
The death yak simulacrum freezes you! You resist.
You die...

#### ##..##
##....###
#...Z...##...
#.∩@ZZ......#
#...Z......##
##....##..##
##..## ##
####


You could see an alligator simulacrum, 2 death yak simulacra and a polar bear
simulacrum.

Vanquished Creatures
  Pikel (D:4)
  A troll (D:9)
  5 yaks (D:9)
  Eustachio (D:8)
  Grum (D:10)
  A hungry ghost (D:10)
  Edmund (D:5)
  A steam dragon (D:11)
  4 slaves (D:4)
  A water moccasin (D:10)
  3 wolves (D:10)
  2 orc warriors
  3 ogres
  A sky beast (D:8)
  An ice beast (D:7)
  A phantom (D:8)
  2 centaurs
  A crocodile (Sewer)
  7 giant frogs
  A scorpion (D:5)
  3 wights (D:10)
  3 killer bees (D:10)
  A quasit (D:10)
  3 crimson imps
  An iguana (D:6)
  6 orc priests
  A black bear zombie (D:8)
  3 jellies
  4 hounds
  5 orc wizards
  5 worker ants
  A big kobold skeleton (D:9)
  A worker ant zombie (D:7)
  A mummy (D:10)
  9 gnolls
  10 adders
  An orc zombie (D:7)
  A scorpion zombie (D:5)
  A shadow imp (D:6)
  13 white imps
  2 giant mites (D:2)
  4 worms (D:2)
  An adder zombie (D:10)
  An ooze (D:4)
  29 orcs
  A bat skeleton (D:7)
  A bat zombie (D:8)
  17 hobgoblins
  12 kobolds
  4 quokkas
  5 ball pythons
  17 bats
  9 giant cockroaches
  A giant cockroach zombie (D:5)
  3 giant geckos
  3 giant newts
  10 goblins
  A jackal skeleton (D:6)
  21 rats
  A rat zombie (D:5)
  12 ballistomycetes
267 creatures vanquished.

Vanquished Creatures (others)
  2 giant spores
2 creatures vanquished.

Grand Total: 269 creatures vanquished

Notes
Turn   | Place    | Note
--------------------------------------------------------------
     0 | D:1      | Dangus, the Minotaur Berserker, began the quest for the Orb.
     0 | D:1      | Reached XP level 1. HP: 19/19 MP: 1/1
   199 | D:1      | Reached XP level 2. HP: 26/26 MP: 1/1
   366 | D:1      | Reached skill level 4 in Axes
   816 | D:2      | Reached XP level 3. HP: 20/31 MP: 2/2
   862 | D:2      | Acquired Trog's second power
  1180 | D:2      | Found an iron altar of Okawaru.
  1206 | D:2      | Reached skill level 5 in Axes
  1217 | D:2      | Reached XP level 4. HP: 18/39 MP: 2/2
  2441 | D:4      | Found a glowing drain.
  2448 | Sewer    | Entered a sewer
  2473 | Sewer    | Noticed a crocodile
  2487 | Sewer    | Killed a crocodile
  2487 | Sewer    | Reached skill level 6 in Axes
  2487 | Sewer    | Reached XP level 5. HP: 45/45 MP: 2/2
  2732 | D:4      | Found a staircase to the Ecumenical Temple.
  2814 | D:4      | Reached XP level 6. HP: 23/51 MP: 3/3
  3248 | D:4      | Noticed a slave
  3249 | D:4      | Noticed Pikel
  3249 | D:4      | Noticed a slave
  3250 | D:4      | Noticed a slave
  3250 | D:4      | Noticed a slave
  3299 | D:4      | Killed a slave
  3309 | D:4      | Killed a slave
  3327 | D:4      | Killed a slave
  3453 | D:4      | Killed a slave
  3468 | D:4      | Killed Pikel
  3468 | D:4      | Reached skill level 8 in Axes
  3468 | D:4      | Reached skill level 5 in Armour
  3468 | D:4      | Reached XP level 7. HP: 57/57 MP: 3/3
  4264 | D:5      | Entered Level 5 of the Dungeon
  4805 | D:5      | Reached skill level 5 in Dodging
  4815 | D:5      | Noticed Edmund
  4818 | D:5      | Acquired Trog's third power
  4832 | D:5      | Killed Edmund
  4832 | D:5      | Reached skill level 9 in Axes
  4832 | D:5      | Reached XP level 8. HP: 30/64 MP: 3/3
  5309 | D:6      | Found Cabruhen's Food Emporium.
  5953 | D:7      | Reached skill level 10 in Axes
  6031 | D:7      | Reached skill level 1 in Throwing
  6298 | D:7      | Found a staircase to the Ecumenical Temple.
  6443 | D:7      | Reached XP level 9. HP: 70/70 MP: 4/4
  6835 | D:8      | Noticed Eustachio
  6848 | D:8      | Killed Eustachio
  6871 | D:8      | Reached skill level 11 in Axes
  7342 | D:8      | Got an ominously black robe
  8465 | D:9      | Reached skill level 12 in Axes
  8477 | D:9      | Received a gift from Trog
  8581 | D:9      | Found a bloodstained altar of Trog.
  8688 | D:9      | Reached XP level 10. HP: 51/77 MP: 4/4
  9262 | D:10     | Entered Level 10 of the Dungeon
  9510 | D:10     | Noticed Grum
  9533 | D:10     | Killed Grum
  9533 | D:10     | Reached skill level 5 in Throwing
  9535 | D:10     | Reached skill level 13 in Axes
  9560 | D:10     | Found a snail-covered altar of Cheibriados.
  9961 | D:11     | Found a frozen archway.
  9967 | D:11     | Received a gift from Trog
  9990 | IceCv    | Entered an ice cave
  9998 | IceCv    | Mangled by a death yak simulacrum

Action                   |  1- 3 |  4- 6 |  7- 9 | 10-12 || total
-------------------------+-------+-------+-------+-------++-------
Melee: Hand axe          |    58 |   182 |    34 |       ||   274
       War axe           |       |       |   291 |       ||   291
       Battleaxe         |       |       |    41 |   115 ||   156
Throw: Tomahawk          |       |       |       |     5 ||     5
Invok: Trog's Hand       |     1 |     2 |       |       ||     3
       Berserk           |       |     2 |       |       ||     2
Evoke: Wand              |       |       |     4 |       ||     4
  Use: Scroll            |       |     5 |     1 |       ||     6
 Stab: Sleeping          |     1 |       |       |       ||     1
  Eat: Chunk             |       |     9 |    18 |     4 ||    31
       Beef jerky        |       |       |     2 |     1 ||     3
       Pizza             |       |       |     1 |       ||     1
